 Dungeon Crawl Stone Soup version 0.23.2-40-g277498a001 (webtiles) character file.

Game seed: 6742775995577178762

951 Marnok the Shield-Bearer (level 7, -3/60 (61) HPs)
             Began as a Minotaur Fighter on Oct 7, 2019.
             Was an Initiate of Okawaru.
             Slain by an orc warrior
             ... wielding a +0 hand axe
              (11 damage)
             ... on level 6 of the Dungeon.
             The game lasted 00:15:25 (3589 turns).

Marnok the Shield-Bearer (Minotaur Fighter)         Turns: 3589, Time: 00:15:26

HP:   -3/60 (61)    AC: 10    Str: 28    XL:     7   Next: 90%
MP:   6/6           EV:  9    Int:  5    God:    Okawaru [......]
Gold: 41            SH:  0    Dex:  9    Spells: 6/6 levels left

rFire    . . .     SeeInvis .   a - +0 long sword
rCold    . . .     Gourm    .   c - +0 shield
rNeg     . . .     Faith    .   b - +0 scale mail
rPois    .         Spirit   .   (helmet restricted)
rElec    .         Reflect  .   (no cloak)
rCorr    .         Harm     .   o - +2 pair of gloves {archery}
MR       .....                  (no boots)
Stlth    ..........             (no amulet)
HPRegen  0.20/turn              (no ring)
MPRegen  0.10/turn              (no ring)

@: confused, mighty, lightly drained
A: retaliatory headbutt, horns 2
a: Renounce Religion


You were on level 6 of the Dungeon.
You worshipped Okawaru.
Okawaru was noncommittal.
You were not hungry.

You visited 2 branches of the dungeon, and saw 8 of its levels.

You collected 275 gold pieces.
You spent 234 gold pieces at shops.

Inventory:

Hand Weapons
 a - a +0 long sword (weapon)
 m - a +0 halberd of venom
 n - a +0 short sword
 u - a +2 shortbow of flaming
Missiles
 q - 7 javelins (quivered)
 v - 40 arrows
Armour
 b - a +0 scale mail (worn)
 c - a +0 shield (worn)
 o - a +2 pair of gloves of archery (worn)
Jewellery
 d - an uncursed ring of fire
Wands
 p - a wand of flame (14)
Scrolls
 e - a scroll of blinking
 g - a scroll of amnesia
 h - 3 scrolls of remove curse
 j - 2 scrolls of teleportation
Potions
 i - 2 potions of degeneration
 k - a potion of haste
 l - a potion of flight {unknown}
 s - a potion of invisibility
 w - a potion of cancellation {unknown}
 x - a potion of heal wounds {unknown}
Comestibles
 f - 15 rations


   Skills:
 + Level 5.3(4.8) Fighting
 + Level 6.4(5.9) Long Blades
 + Level 5.5(5.1) Armour
 + Level 2.4(2.0) Dodging
 + Level 0.7(0.3) Stealth
 + Level 7.0(6.5) Shields


You had 6 spell levels left.
You didn't know any spells.
Your spell library contained the following spells:

 Spells                   Type           Power        Failure   Level  Hunger
 Animate Skeleton         Necr           N/A          97%         1    ##.....
 Apportation              Tloc           #.....       97%         1    ##.....
 Confusing Touch          Hex            #.....       97%         1    ##.....
 Summon Small Mammal      Summ           #...         97%         1    ##.....


Dungeon Overview and Level Annotations

Branches:
Dungeon (7/15)             Temple (1/1) D:4

Altars:
Cheibriados
Dithmenos
Elyvilon
Fedhas
Gozag
Makhleb
Nemelex Xobeh
Okawaru
Qazlal
Ru
Sif Muna
Trog
Vehumet
Wu Jian
Xom
Yredelemnul
Zin
The Shining One

Shops:
D:4 *   D:5 [!(*


Innate Abilities, Weirdness & Mutations

You reflexively headbutt those who attack you in melee.
You have a pair of horns on your head.


Message History

The orc wizard hits you but does no damage.
The bullfrog hits you.
The orc warrior hits you with a +0 hand axe!
The orc barely misses you.
The orc wizard gestures wildly while chanting.
The orc wizard flickers and vanishes!
Deactivating autopickup; reactivate with Ctrl-A.
You're too confused!
You miss something.
The bullfrog hits you but does no damage.
The orc warrior barely misses you. The bullfrog hits you.
The orc closely misses you. Something hits you but does no damage.
You're too confused to move!
The bullfrog barely misses you.
The orc warrior hits you with a +0 hand axe!
* * * LOW HITPOINT WARNING * * *
The orc hits you but does no damage.
You feel drained. Something hits you but does no damage.
The bullfrog barely misses you.
You bump into the rock wall.
The orc warrior hits you with a +0 hand axe!
You die...

........# ......$.#
......... ........#
........# .......o#
.....oo{###############
#@F.............#
#o..........##..#
#.##......####..#
+..##.P.^..# #..#
#####^..P≈.# #..#
##≈.≈P.# #..#
#P...######.##
#P..≈#.......#
#..≈##.#####.#


You could see an orc warrior, a bullfrog and 3 orcs.

Vanquished Creatures
  A necrophage (D:4)
  2 centaurs (D:5)
  An ogre (D:5)
  2 crimson imps
  A howler monkey (D:6)
  A hound (D:6)
  A jelly (D:5)
  An orc priest (D:5)
  A bullfrog skeleton (D:4)
  An iguana (Temple)
  Ijyb (D:3)
  5 worker ants
  A hound skeleton (D:5)
  2 gnolls
  9 adders
  A shadow imp (D:6)
  2 oozes
  A worm (D:5)
  2 dart slugs (D:2)
  4 leopard geckos
  5 orcs
  5 bats
  6 giant cockroaches
  5 goblins
  10 hobgoblins
  8 jackals
  5 kobolds
  A quokka (D:4)
  6 frilled lizards
  2 goblin skeletons (D:4)
  A goblin zombie (D:4)
  A hobgoblin zombie (D:4)
  A kobold zombie (D:4)
  4 orc skeletons (D:4)
  An orc zombie (D:4)
  7 rats
108 creatures vanquished.

Notes
Turn   | Place    | Note
-------+----------+-------------------------------------------
     0 | D:1      | Marnok the Minotaur Fighter began the quest for the Orb.
     0 | D:1      | Reached XP level 1. HP: 19/19 MP: 0/0
    90 | D:1      | Reached skill level 4 in Shields
    90 | D:1      | Reached XP level 2. HP: 27/27 MP: 1/1
   572 | D:2      | Found a shadowy altar of Dithmenos.
   583 | D:2      | Reached XP level 3. HP: 33/33 MP: 2/2
   870 | D:2      | Reached XP level 4. HP: 35/40 MP: 3/3
  1264 | D:4      | Reached skill level 1 in Dodging
  1264 | D:4      | Reached skill level 5 in Shields
  1360 | D:3      | Reached XP level 5. HP: 38/46 MP: 4/4
  1386 | D:3      | Noticed Ijyb
  1519 | D:3      | Killed Ijyb
  1598 | D:4      | Noticed a necrophage
  1608 | D:4      | Killed a necrophage
  1674 | D:3      | Reached XP level 6. HP: 42/52 MP: 5/5
  2042 | D:4      | Found Kyzapn's Assorted Antiques.
  2048 | D:4      | Bought a pair of embroidered gloves for 142 gold pieces
  2048 | D:4      | Bought a fizzy golden potion for 17 gold pieces
  2048 | D:4      | Bought a scroll labeled RAFINE TIUS for 19 gold pieces
  2078 | D:4      | Found a glowing golden altar of the Shining One.
  2208 | D:5      | Entered Level 5 of the Dungeon
  2208 | D:5      | Found Fopaseze's Antique Armour Emporium.
  2216 | D:5      | Reached skill level 6 in Shields
  2219 | D:5      | Reached skill level 5 in Armour
  2316 | D:5      | Reached skill level 5 in Long Blades
  2321 | D:5      | Found Cesice's Antique Weapon Shop.
  2355 | D:5      | Reached XP level 7. HP: 51/59 MP: 6/6
  2543 | D:5      | Reached skill level 5 in Fighting
  2571 | D:4      | Found a staircase to the Ecumenical Temple.
  2584 | Temple   | Entered the Ecumenical Temple
  2651 | Temple   | Became a worshipper of Warmaster Okawaru
  3090 | D:5      | Found Asienil's Assorted Antiques.
  3135 | D:5      | Found Wegivul's Distillery.
  3140 | D:5      | Bought a potion of might for 56 gold pieces
  3440 | D:6      | Reached skill level 7 in Shields
  3460 | D:6      | Found a sparkling altar of Nemelex Xobeh.
  3589 | D:6      | Slain by an orc warrior

Skill      XL: |  1  2  3  4  5  6  7 |
---------------+----------------------+-----
Shields        | 4 5 6 7 |  7.0
Fighting       | 4 5 |  5.3
Armour         | 4 5 |  5.5
Long Blades    | 3 4 5 6 |  6.4
Dodging        | 1 2 |  2.4
Stealth        | |  0.7

Action                   |  1- 3 |  4- 6 |  7- 9 || total
-------------------------+-------+-------+-------++-------
Melee: Long sword        |   104 |   187 |    75 ||   366
       Headbutt          |     9 |    31 |    23 ||    63
       Unarmed           |       |     2 |       ||     2
  Use: Potion            |       |     6 |     1 ||     7
       Scroll            |       |     9 |     2 ||    11
  Eat: Chunk             |       |     5 |     4 ||     9
Armor: Scale mail        |    57 |    97 |    51 ||   205
       Skin              |       |     3 |       ||     3
Dodge: Dodged            |    41 |    70 |    45 ||   156
Block: Shield            |    77 |   117 |    72 ||   266
       Rpst.: Long sword |    13 |    19 |    11 ||    43
